3R
SHERIDAN DEER @ TWINSBURG TIGERS
06/06/2037
 
TOP OF THE 1ST
Sheridan Deer batting - Pitching for Twinsburg Tigers : RHP Buzzy Grossman
Pitching: RHP Buzzy Grossman
Batting: LHB Armando Ventura 0-0: Foul Ball, location: 2F
0-1: Called Strike
0-2: Ball
1-2: Ground out 1-3 (Groundball, 34S, EV 81.9 MPH)
Batting: LHB Alfonso López 0-0: Ball
1-0: Ball
2-0: Called Strike
2-1: Swinging Strike
2-2: Ball
3-2: Strikes out swinging
Batting: LHB Carlos Rosário 0-0: Foul Ball, location: 2F
0-1: Called Strike
0-2: Strikes out swinging
Top of the 1st over - 0 runs, 0 hits, 0 errors, 0 left on base; Sheridan 0 - Twinsburg 0
BOTTOM OF THE 1ST
Twinsburg Tigers batting - Pitching for Sheridan Deer : LHP Arturo Cuellar
Pitching: LHP Arturo Cuellar
Batting: RHB Matthew Hunt 0-0: Foul Ball, location: 2F
0-1: Swinging Strike
0-2: Ball
1-2: Strikes out swinging
Batting: RHB Axel Ruschmeyer 0-0: Ball
1-0: Called Strike
1-1: Ball
2-1: Ball
3-1: Called Strike
3-2: SINGLE (Groundball, 4MD, EV 96.2 MPH)
Batting: RHB Sadiya Seth 0-0: Ball
1-0: Foul Ball, location: 2F
1-1: Ball
2-1: Fly out, F3 (Popup, 3SF, EV 76.9 MPH)
Batting: SHB Jhett Larson 0-0: 2-RUN HOME RUN (Line Drive, 78XD, EV 100.6 MPH), Distance : 412 ft
Batting: LHB Keaton Kringlen 0-0: Ball
1-0: Ball
2-0: Ball
3-0: Foul Ball, location: 2F
3-1: Base on Balls
Batting: RHB Woong Byeon 0-0: SINGLE (Flyball, 7LS, EV 95.6 MPH)
Keaton Kringlen to second
Batting: RHB Jackson Cluff 0-0: Fly out, F8 (Flyball, 8RD, EV 101.9 MPH)
Bottom of the 1st over - 2 runs, 3 hits, 0 errors, 2 left on base; Sheridan 0 - Twinsburg 2
TOP OF THE 2ND
Sheridan Deer batting - Pitching for Twinsburg Tigers : RHP Buzzy Grossman
Batting: LHB Hsui-chuan Tsou 0-0: Foul Ball, location: 2F
0-1: Ball
1-1: Ball
2-1: Ground out U3 (Groundball, 34, EV 78.8 MPH)
Batting: RHB Bert Allison 0-0: Foul Ball, location: 2F
0-1: Fly out, F6 (Popup, P, EV 80.6 MPH)
Batting: LHB Phillip White 0-0: Ball
1-0: Fly out, F7 (Flyball, 7, EV 84.4 MPH)
Top of the 2nd over - 0 runs, 0 hits, 0 errors, 0 left on base; Sheridan 0 - Twinsburg 2
BOTTOM OF THE 2ND
Twinsburg Tigers batting - Pitching for Sheridan Deer : LHP Arturo Cuellar
Batting: RHB Dave Hill 0-0: Ball
1-0: Reached on error, E7 (Flyball, 78S, EV 64.4 MPH)
Batting: RHB Try Fryfogle 0-0: Ball
1-0: Called Strike
1-1: Called Strike
1-2: Ball
2-2: Ball
3-2: Strikes out swinging
Batting: RHB Matthew Hunt 0-0: Ball
1-0: Ball
2-0: Ball
3-0: Base on Balls
Dave Hill to second
Batting: RHB Axel Ruschmeyer 0-0: Foul Ball, location: 2F
0-1: Ball
1-1: Ball
2-1: Foul Ball, location: 2F
2-2: Ball
3-2: Base on Balls
Dave Hill to third
Matthew Hunt to second
Batting: RHB Sadiya Seth 0-0: Ball
1-0: SINGLE (Line Drive, 6MD, EV 108.8 MPH)
Dave Hill scores
Matthew Hunt to third
Axel Ruschmeyer to second
Runner from 3rd tries for Home, SAFE, throw by CF to home
Batting: SHB Jhett Larson 0-0: Called Strike
0-1: Called Strike
0-2: Ball
1-2: Ball
2-2: Ball
3-2: SINGLE (Line Drive, 7S, EV 100.6 MPH)
Axel Ruschmeyer to third
Sadiya Seth to second
Runner from 3rd tries for Home, throw by LF and OUT! 7-2
Batting: LHB Keaton Kringlen 0-0: Called Strike
0-1: Ball
1-1: Ball
2-1: Ball
3-1: Swinging Strike
3-2: Foul Ball, location: 2F
3-2: Strikes out swinging
Bottom of the 2nd over - 2 runs, 2 hits, 1 error, 2 left on base; Sheridan 0 - Twinsburg 4
TOP OF THE 3RD
Sheridan Deer batting - Pitching for Twinsburg Tigers : RHP Buzzy Grossman
Batting: RHB Bernardo Marino 0-0: Ground out 5-3 (Groundball, 5, EV 79.4 MPH)
Batting: RHB Joe Galonzo 0-0: Called Strike
0-1: Ball
1-1: Called Strike
1-2: Strikes out looking
Batting: RHB Alfredo Guerrero 0-0: SINGLE (Line Drive, 56D, EV 95.6 MPH)
Batting: LHB Armando Ventura 0-0: SINGLE (Groundball, 56D, EV 97.5 MPH)
Alfredo Guerrero to second
Batting: LHB Alfonso López 0-0: Ball
1-0: Swinging Strike
1-1: Ball
2-1: Foul Ball, location: 2F
2-2: Fly out, F4 (Line Drive, 4, EV 66.2 MPH)
Top of the 3rd over - 0 runs, 2 hits, 0 errors, 2 left on base; Sheridan 0 - Twinsburg 4
BOTTOM OF THE 3RD
Twinsburg Tigers batting - Pitching for Sheridan Deer : LHP Arturo Cuellar
Batting: RHB Woong Byeon 0-0: Called Strike
0-1: Ball
1-1: Ball
2-1: Ball
3-1: Called Strike
3-2: Foul Ball, location: 2F
3-2: SINGLE (Line Drive, 4MD, EV 94.4 MPH)
Pitching: LHP Pancho Cazalla
Batting: RHB Jackson Cluff 0-0: Called Strike
0-1: Fly out, F7 (Flyball, 7, EV 82.5 MPH)
Batting: RHB Dave Hill 0-0: Ball
1-0: Foul Ball, location: 2F
1-1: Ball
2-1: Ball
3-1: Foul Ball, location: 2F
3-2: Base on Balls
Woong Byeon to second
Batting: RHB Try Fryfogle 0-0: Called Strike
0-1: Fielders Choice at 2nd, 2-6 (Groundball, 2R, EV 53.8 MPH)
Woong Byeon to third
Batting: RHB Matthew Hunt 0-0: Called Strike
0-1: Foul Ball, location: 2F
0-2: Ball
1-2: Foul Ball, location: 2F
1-2: Fly out, F7 (Flyball, 7S, EV 80.0 MPH)
Bottom of the 3rd over - 0 runs, 1 hit, 0 errors, 2 left on base; Sheridan 0 - Twinsburg 4
TOP OF THE 4TH
Sheridan Deer batting - Pitching for Twinsburg Tigers : RHP Buzzy Grossman
Batting: LHB Carlos Rosário 0-0: Called Strike
0-1: Foul Ball, location: 2F
0-2: Strikes out looking
Batting: LHB Hsui-chuan Tsou 0-0: Swinging Strike
0-1: Ball
1-1: Swinging Strike
1-2: Strikes out swinging
Batting: RHB Bert Allison 0-0: Ball
1-0: SINGLE (Groundball, 4MD, EV 96.9 MPH)
Batting: LHB Phillip White 0-0: Called Strike
0-1: Fly out, F8 (Flyball, 8LM, EV 83.8 MPH)
Top of the 4th over - 0 runs, 1 hit, 0 errors, 1 left on base; Sheridan 0 - Twinsburg 4
BOTTOM OF THE 4TH
Twinsburg Tigers batting - Pitching for Sheridan Deer : LHP Pancho Cazalla
Batting: RHB Axel Ruschmeyer 0-0: Fly out, F7 (Flyball, 7D, EV 83.1 MPH)
Batting: RHB Sadiya Seth 0-0: Ball
1-0: Ball
2-0: Foul Ball, location: 2F
2-1: Foul Ball, location: 2F
2-2: Foul Ball, location: 2F
2-2: Strikes out swinging
Batting: SHB Jhett Larson 0-0: Ball
1-0: Ball
2-0: Ball
3-0: Swinging Strike
3-1: Swinging Strike
3-2: Strikes out swinging
Bottom of the 4th over - 0 runs, 0 hits, 0 errors, 0 left on base; Sheridan 0 - Twinsburg 4
TOP OF THE 5TH
Sheridan Deer batting - Pitching for Twinsburg Tigers : RHP Buzzy Grossman
Batting: RHB Bernardo Marino 0-0: Ball
1-0: Ball
2-0: Called Strike
2-1: Fly out, F4 (Line Drive, 4, EV 71.9 MPH)
Batting: RHB Joe Galonzo 0-0: Called Strike
0-1: Swinging Strike
0-2: Ball
1-2: Strikes out swinging
Batting: RHB Alfredo Guerrero 0-0: Foul Ball, location: 2F
0-1: SINGLE (Groundball, 4MD, EV 101.2 MPH)
Batting: LHB Armando Ventura 0-0: Ball
1-0: Ball
2-0: Foul Ball, location: 2F
2-1: Called Strike
2-2: Strikes out swinging
Top of the 5th over - 0 runs, 1 hit, 0 errors, 1 left on base; Sheridan 0 - Twinsburg 4
BOTTOM OF THE 5TH
Twinsburg Tigers batting - Pitching for Sheridan Deer : LHP Pancho Cazalla
Batting: LHB Keaton Kringlen 0-0: Foul Ball, location: 2F
0-1: SINGLE (Line Drive, 8RM, EV 96.2 MPH)
Batting: RHB Woong Byeon 0-0: Called Strike
0-1: Foul Ball, location: 2F
0-2: Ball
1-2: Strikes out swinging
Batting: RHB Jackson Cluff 0-0: Fielders Choice at 2nd, 6-4 (Groundball, 6, EV 98.1 MPH)
Batting: RHB Dave Hill 0-0: Called Strike
0-1: SINGLE (Line Drive, 4MD, EV 104.4 MPH)
Jackson Cluff to second
Runner from 2nd tries for 3rd, SAFE, throw by CF made to third
Batting: RHB Try Fryfogle 0-0: Called Strike
0-1: Called Strike
0-2: Foul Ball, location: 2F
0-2: Ball
1-2: Foul Ball, location: 2F
1-2: Foul Ball, location: 2F
1-2: Strikes out swinging, 2-3 out at first.
Bottom of the 5th over - 0 runs, 2 hits, 0 errors, 2 left on base; Sheridan 0 - Twinsburg 4
TOP OF THE 6TH
Sheridan Deer batting - Pitching for Twinsburg Tigers : RHP Buzzy Grossman
Batting: LHB Alfonso López 0-0: Ground out 1-3 (Groundball, 13S, EV 68.8 MPH)
Batting: LHB Carlos Rosário 0-0: Swinging Strike
0-1: Called Strike
0-2: Foul Ball, location: 2F
0-2: Ground out 6-3 (Groundball, 6, EV 87.5 MPH)
Batting: LHB Hsui-chuan Tsou 0-0: Ball
1-0: Ball
2-0: Swinging Strike
2-1: Foul Ball, location: 2F
2-2: Foul Ball, location: 2F
2-2: Foul Ball, location: 2F
2-2: Foul Ball, location: 2F
2-2: Foul Ball, location: 2F
2-2: Foul Ball, location: 2F
2-2: Strikes out looking
Top of the 6th over - 0 runs, 0 hits, 0 errors, 0 left on base; Sheridan 0 - Twinsburg 4
BOTTOM OF THE 6TH
Twinsburg Tigers batting - Pitching for Sheridan Deer : LHP Pancho Cazalla
Batting: RHB Matthew Hunt 0-0: Ball
1-0: Ball
2-0: Ball
3-0: Base on Balls
Batting: RHB Axel Ruschmeyer 0-0: Foul Ball, location: 2F
0-1: Called Strike
0-2: Ball
1-2: Strikes out swinging
Batting: RHB Sadiya Seth 0-0: Called Strike
0-1: Foul Ball, location: 2F
0-2: SINGLE (Flyball, 34D, EV 100.0 MPH)
Matthew Hunt to second
Runner from 2nd tries for 3rd, SAFE, throw by RF made to third
Pitching: LHP Félix Cordero
Batting: SHB Jhett Larson 0-0: Called Strike
0-1: Ball
1-1: Fly out, F9 (Line Drive, 9, EV 88.8 MPH)
Runner from 3rd tags up, SCORES, throw by RF
Batting: LHB Keaton Kringlen 0-0: Ball
Wild Pitch!
Sadiya Seth to second
1-0: TRIPLE (Flyball, 78XD, EV 98.1 MPH)
Sadiya Seth scores
Batting: RHB Woong Byeon 0-0: Called Strike
0-1: 2-RUN HOME RUN (Flyball, 7LD, EV 88.8 MPH), Distance : 337 ft
Batting: RHB Jackson Cluff 0-0: Ball
1-0: Foul Ball, location: 2F
1-1: Ball
2-1: Foul Ball, location: 2F
2-2: Ball
3-2: Foul Ball, location: 2F
3-2: Base on Balls
Batting: RHB Dave Hill 0-0: DOUBLE (Flyball, 8RXD, EV 115.6 MPH)
Jackson Cluff to third
Runner from 3rd tries for Home, SAFE, throw by CF to trailing runner, SAFE at third!
Batting: RHB Try Fryfogle 0-0: Ball
1-0: Ball
2-0: DOUBLE (Line Drive, 78M, EV 103.1 MPH)
Dave Hill scores
Pitching: RHP Adam Keast
Batting: RHB Matthew Hunt 0-0: Foul Ball, location: 2F
0-1: Ball
1-1: Called Strike
1-2: Strikes out swinging
Bottom of the 6th over - 6 runs, 5 hits, 0 errors, 1 left on base; Sheridan 0 - Twinsburg 10
TOP OF THE 7TH
Sheridan Deer batting - Pitching for Twinsburg Tigers : RHP Buzzy Grossman
Batting: RHB Bert Allison 0-0: Foul Ball, location: 2F
0-1: Ball
1-1: Ball
2-1: Fly out, F4 (Flyball, 34D, EV 83.8 MPH)
Batting: LHB Phillip White 0-0: Ball
1-0: Called Strike
1-1: Swinging Strike
1-2: Foul Ball, location: 2F
1-2: Strikes out swinging
Batting: RHB Bernardo Marino 0-0: Ball
1-0: Ball
2-0: Ball
3-0: Base on Balls
Batting: RHB Joe Galonzo 0-0: Called Strike
0-1: Called Strike
0-2: Foul Ball, location: 2F
0-2: Ball
1-2: Strikes out looking
Top of the 7th over - 0 runs, 0 hits, 0 errors, 1 left on base; Sheridan 0 - Twinsburg 10
BOTTOM OF THE 7TH
Twinsburg Tigers batting - Pitching for Sheridan Deer : RHP Adam Keast
Batting: RHB Axel Ruschmeyer 0-0: Foul Ball, location: 2F
0-1: Fly out, F7 (Flyball, 7D, EV 88.8 MPH)
Batting: RHB Sadiya Seth 0-0: Ball
1-0: Foul Ball, location: 2F
1-1: Foul Ball, location: 2F
1-2: Ball
2-2: SINGLE (Line Drive, 4MD, EV 100.0 MPH)
Pinch Hitting: RHB John Jackson 0-0: Called Strike
0-1: Ball
1-1: Called Strike
1-2: Ball
2-2: Ball
3-2: Foul Ball, location: 2F
3-2: Strikes out swinging
Pinch Hitting: SHB José Peña 0-0: Called Strike
0-1: Foul Ball, location: 2F
0-2: Ball
1-2: Foul Ball, location: 2F
1-2: Foul Ball, location: 2F
1-2: Foul Ball, location: 2F
1-2: Ball
2-2: Foul Ball, location: 2F
2-2: Foul Ball, location: 2F
2-2: Foul Ball, location: 2F
2-2: Foul Ball, location: 2F
2-2: Strikes out swinging
Bottom of the 7th over - 0 runs, 1 hit, 0 errors, 1 left on base; Sheridan 0 - Twinsburg 10
TOP OF THE 8TH
Sheridan Deer batting - Pitching for Twinsburg Tigers : RHP Buzzy Grossman
Now at 2B: John Jackson
Now in LF: Vicente López
Pinch Hitting: RHB José Sánchez 0-0: Called Strike
0-1: Foul Ball, location: 2F
0-2: Ball
1-2: Foul Ball, location: 2F
1-2: Fly out, F7 (Line Drive, 7, EV 95.6 MPH)
Batting: LHB Armando Ventura 0-0: Ball
1-0: Called Strike
1-1: Foul Ball, location: 2F
1-2: Strikes out swinging
Batting: LHB Alfonso López 0-0: Ball
1-0: Called Strike
1-1: Called Strike
1-2: SINGLE (Groundball, 15S, EV 65.0 MPH) (infield hit)
Pinch Hitting: RHB Pedro Castellanoz 0-0: Called Strike
0-1: Called Strike
0-2: Foul Ball, location: 2F
0-2: Strikes out looking
Top of the 8th over - 0 runs, 1 hit, 0 errors, 1 left on base; Sheridan 0 - Twinsburg 10
BOTTOM OF THE 8TH
Twinsburg Tigers batting - Pitching for Sheridan Deer : RHP Adam Keast
Now at 1B: Pedro Castellanoz
Now at 3B: José Sánchez
Batting: RHB Woong Byeon 0-0: Swinging Strike
0-1: Swinging Strike
0-2: Ball
1-2: Strikes out swinging
Batting: RHB Jackson Cluff 0-0: Swinging Strike
0-1: Ball
1-1: DOUBLE (Line Drive, 7LS, EV 102.5 MPH)
Batting: RHB Dave Hill 0-0: Called Strike
0-1: Called Strike
0-2: Foul Ball, location: 2F
0-2: Ball
1-2: Ball
2-2: Strikes out swinging
Batting: RHB Try Fryfogle 0-0: Ball
1-0: Swinging Strike
1-1: Foul Ball, location: 2F
1-2: Fly out, F9 (Flyball, 9LS, EV 93.1 MPH)
Bottom of the 8th over - 0 runs, 1 hit, 0 errors, 1 left on base; Sheridan 0 - Twinsburg 10
TOP OF THE 9TH
Sheridan Deer batting - Pitching for Twinsburg Tigers : RHP Buzzy Grossman
Batting: LHB Hsui-chuan Tsou 0-0: Called Strike
0-1: Foul Ball, location: 2F
0-2: Ball
1-2: Strikes out swinging
Batting: RHB Bert Allison 0-0: Called Strike
0-1: Fly out, F8 (Flyball, 8LS, EV 78.1 MPH)
Pitching: RHP Juan Rivera
Batting: LHB Phillip White 0-0: Ball
1-0: Ball
2-0: Ball
3-0: Base on Balls
Batting: RHB Bernardo Marino 0-0: Called Strike
0-1: Swinging Strike
0-2: Strikes out looking
Top of the 9th over - 0 runs, 0 hits, 0 errors, 1 left on base; Sheridan 0 - Twinsburg 10
Thursday, January 23rd, 2020 - OOTP Baseball 20.8 Build 74